 Dungeon Crawl Stone Soup version 0.19.3-4-gbf9329e (webtiles) character file.

6461 JeffiDaFish the Stinger (level 10, -1/70 HPs)
             Began as a Demonspawn Venom Mage on Jan 29, 2017.
             Was a Believer of Vehumet.
             Succumbed to a spiny frog's poison
             ... on level 1 of the Lair of Beasts on Jan 30, 2017.
             The game lasted 01:00:54 (10178 turns).

JeffiDaFish the Stinger (Demonspawn Venom Mage)    Turns: 10178, Time: 01:00:55

Health: -1/70      AC: 17    Str: 14 (15) XL:     10   Next: 68%
Magic:  20/20      EV: 14    Int: 22 (23) God:    Vehumet [**....]
Gold:   395        SH:  7    Dex: 14 (15) Spells: 4 memorised, 10 levels left

rFire  + + .     SeeInvis +     w - +3 mace of the Fool {flame, rPois SInv} (curse)
rCold  + . .     Gourm    .     d - +0 robe "Norchala" {Str+6}
rNeg   . . .     Faith    .     n - +2 buckler
rPois  +         Spirit   .     (no helmet)
rElec  +         Reflect  .     k - +2 cloak
rCorr  +         Harm     .     g - +2 pair of gloves
MR     .....                    (no boots)
Stlth  ++........               m - amulet of magic regeneration
                                (no ring)
                                e - ring of stealth

@: brilliant, lethally poisoned (-1 -> -16), resistant, sanguine armour
A: claws 2, fire resistance 1, sanguine armour 2
a: Renounce Religion


You were on level 1 of the Lair of Beasts.
You worshipped Vehumet.
Vehumet was pleased with you.
You were not hungry.

You visited 2 branches of the dungeon, and saw 9 of its levels.

You collected 395 gold pieces.

Inventory:

Hand Weapons
 f - the +5 spear "Eviscerator" {drain, Int+4}
   (You found it on level 6 of the Dungeon)

   A truly terrible weapon, it drains the life of those it strikes.
   It affects your intelligence (+4).
 j - a +1 whip of electrocution
 t - the +7 rapier of the Aged Places {pierce, +Rage Str+3}
   (You found it on level 8 of the Dungeon)

   It inflicts extra damage upon your enemies.
   It affects your strength (+3).
   It lets you go berserk.
 w - the cursed +3 mace of the Fool (weapon) {flame, rPois SInv}
   (You found it on level 8 of the Dungeon)

   It has been specially enchanted to burn those struck by it, causing extra
   injury to most foes and up to half again as much damage against particularly
   susceptible opponents.
   It protects you from poison.
   It lets you see invisible.
   It has a curse placed upon it.
Armour
 d - the +0 robe "Norchala" (worn) {Str+6}
   (You found it on level 5 of the Dungeon)

   It affects your strength (+6).
 g - a +2 pair of gloves (worn)
 k - a +2 cloak (worn)
 n - a +2 buckler (worn)
Jewellery
 e - a ring of stealth (left hand)
 m - an amulet of magic regeneration (around neck)
 o - an uncursed ring of wizardry
Wands
 i - a wand of flame (37/48)
 l - a wand of enslavement (18/24)
Scrolls
 a - 4 scrolls of identify
 h - 3 scrolls of teleportation
 y - a scroll of recharging
Books
 b - a Young Poisoner's Handbook

   Spells                             Type                      Level
   a - Sting                          Conjuration/Poison           1
   b - Mephitic Cloud                 Conjuration/Poison/Air       3
   c - Olgreb's Toxic Radiance        Poison                       4
   d - Alistair's Intoxication        Transmutation/Poison         5
   e - Venom Bolt                     Conjuration/Poison           5
 p - a book of Geomancy

   Spells                             Type                      Level
   a - Sandblast                      Earth                        1
   b - Passwall                       Transmutation/Earth          2
   c - Stone Arrow                    Conjuration/Earth            3
   d - Petrify                        Transmutation/Earth          4
   e - Lee's Rapid Deconstruction     Earth                        5
 v - a book of Party Tricks

   Spells                             Type                      Level
   a - Summon Butterflies             Summoning                    1
   b - Apportation                    Translocation                1
   c - Lesser Beckoning               Translocation                3
   d - Tukima's Dance                 Hexes                        3
   e - Alistair's Intoxication        Transmutation/Poison         5
   f - Invisibility                   Hexes                        6
Comestibles
 c - 14 bread rations
 r - 3 meat rations
 s - 3 beef jerkies
 x - 2 chunks of flesh


   Skills:
 - Level 3.4 Fighting
 * Level 1.0 Short Blades
 - Level 3.0 Maces & Flails
 - Level 4.3 Polearms
 - Level 4.1 Armour
 - Level 3.6 Dodging
 - Level 3.8 Stealth
 * Level 4.4 Shields
 * Level 7.2 Spellcasting
 + Level 4.4 Conjurations
 + Level 4.0 Air Magic
 + Level 7.3 Poison Magic


You had 10 spell levels left.
You knew the following spells:

 Your Spells              Type           Power        Failure   Level  Hunger
a - Sting                 Conj/Pois      ####         1%          1    None
b - Mephitic Cloud        Conj/Pois/Air  #####...     1%          3    None
c - Olgreb's Toxic Radia  Pois           ######..     1%          4    ###....
d - Venom Bolt            Conj/Pois      #####.....   2%          5    #####..


Dungeon Overview and Level Annotations

Branches:
Dungeon (8/15)             Temple (0/1) D:6            Lair (1/6) D:8

Altars:
Ashenzari
Cheibriados
Dithmenos
Hepliaklqana
Kikubaaqudgha
Makhleb
Okawaru
Qazlal
Ru
Sif Muna
Trog
Vehumet
Xom
Yredelemnul
Zin
The Shining One

Shops:
D:7 (


Innate Abilities, Weirdness & Mutations

You have very sharp fingernails.
Your flesh is heat resistant. (rF+)
When seriously injured, your bleeding wounds create thick armour. (AC +9)


Message History

You feel sick. The spiny frog barely misses you.
* * * LOW HITPOINT WARNING * * *
You feel sick.
Your surroundings suddenly seem different.
Splash!
You fall into the shallow water.
Moving in this stuff is going to be slow.
* * * LOW HITPOINT WARNING * * *
You feel sick.
Found a stone staircase leading down.
You feel protected.
* * * LOW HITPOINT WARNING * * *
You feel sick.
Some of the chunks of flesh in your inventory have rotted away.
You feel clever all of a sudden.
* * * LOW HITPOINT WARNING * * *
You feel sick.
You start eating one of the 14 bread rations.
Keep eating?
You die...

# . ..#
...#### #...
...≈≈≈.##..+
.≈≈≈≈≈≈@..#
≈≈≈≈≈≈≈≈.##
≈≈≈≈≈≈≈≈.P#
≈≈...≈≈≈.##
≈≈.>.≈≈≈≈#
≈≈..≈≈≈≈.# #
≈≈≈≈≈≈≈≈.#
≈≈≈≈≈≈≈≈.#


There were no monsters in sight!

Vanquished Creatures
  Pikel (D:5)
  Joseph (D:7)
  A spiny frog (Lair:1)
  A hippogriff (D:7)
  4 yaks (D:8)
  Eustachio (D:4)
  2 hell hounds (D:8)
  2 porcupines (Lair:1)
  2 orc warriors (D:7)
  2 ice beasts
  A sky beast (D:7)
  2 slaves (D:5)
  4 ogres
  2 phantoms
  2 centaurs
  2 wolves (Lair:1)
  7 big kobolds
  3 bullfrogs
  A wyvern zombie (D:8)
  3 scorpions
  12 killer bees
  5 wights (D:7)
  2 howler monkeys
  6 crimson imps
  2 centaur zombies (D:5)
  A quasit (D:7)
  3 jellies
  2 orc priests
  A bullfrog skeleton (D:4)
  5 hounds
  An iguana (D:4)
  Ijyb (D:3)
  A worker ant (D:5)
  8 orc wizards
  10 adders
  10 gnolls
  3 shadow imps
  An ooze (D:3)
  2 adder skeletons
  4 worms
  5 dart slugs
  2 leopard geckos
  27 orcs
  2 giant cockroaches
  14 goblins
  10 hobgoblins
  16 jackals
  57 kobolds
  8 quokkas
  A ball python (D:3)
  7 bats
  6 frilled lizards
  A jackal skeleton (D:6)
  A leopard gecko skeleton (D:4)
  8 rats
289 creatures vanquished.

Vanquished Creatures (collateral kills)
  A porcupine (Lair:1)
1 creature vanquished.

Vanquished Creatures (others)
  A slave (D:5)
  A killer bee (D:7)
2 creatures vanquished.

Grand Total: 292 creatures vanquished

Notes
Turn   | Place    | Note
-------+----------+-------------------------------------------
     0 | D:1      | JeffiDaFish the Demonspawn Venom Mage began the quest for the Orb.
     0 | D:1      | Reached XP level 1. HP: 13/13 MP: 3/3
   311 | D:1      | You fall through a shaft!
   351 | D:2      | Gained mutation: You have sharp fingernails. [demonic ancestry]
   351 | D:2      | Reached XP level 2. HP: 19/19 MP: 1/5
   644 | D:2      | Gained mutation: Your flesh is heat resistant. (rF+) [demonic ancestry]
   644 | D:2      | Reached XP level 3. HP: 23/24 MP: 0/6
  1173 | D:2      | Learned a level 3 spell: Mephitic Cloud
  1217 | D:2      | Reached XP level 4. HP: 30/31 MP: 0/7
  1618 | D:3      | Reached skill level 1 in Maces & Flails
  1651 | D:3      | Noticed a big kobold
  1948 | D:2      | Killed a big kobold
  1948 | D:2      | Reached skill level 1 in Fighting
  1948 | D:2      | Reached skill level 5 in Poison Magic
  1948 | D:2      | Gained mutation: When seriously injured, your bleeding wounds create armour. (AC +9) [demonic ancestry]
  1948 | D:2      | Reached XP level 5. HP: 20/37 MP: 0/9
  2167 | D:3      | Reached skill level 1 in Conjurations
  2167 | D:3      | Reached skill level 1 in Air Magic
  2177 | D:3      | Gained mutation: You have very sharp fingernails. [demonic ancestry]
  2177 | D:3      | Reached XP level 6. HP: 26/43 MP: 2/10
  2487 | D:3      | Gained mutation: When seriously injured, your bleeding wounds create thick armour. (AC +9) [demonic ancestry]
  2487 | D:3      | Reached XP level 7. HP: 24/49 MP: 5/12
  3092 | D:3      | Noticed Ijyb
  3110 | D:3      | Killed Ijyb
  3248 | D:3      | Found a bloodstained altar of Trog.
  3250 | D:3      | Found a snail-covered altar of Cheibriados.
  3880 | D:3      | You fall through a shaft!
  4174 | D:4      | Found a stormy altar of Qazlal.
  4265 | D:4      | Noticed Eustachio
  4317 | D:4      | Killed Eustachio
  4317 | D:4      | Reached XP level 8. HP: 41/57 MP: 2/14
  4598 | D:4      | Learned a level 4 spell: Olgreb's Toxic Radiance
  4604 | D:4      | Learned a level 5 spell: Venom Bolt
  4623 | D:5      | Entered Level 5 of the Dungeon
  4724 | D:5      | Reached skill level 5 in Spellcasting
  5091 | D:5      | Noticed Pikel
  5109 | D:5      | Killed Pikel
  5154 | D:5      | Found an ancient bone altar of Kikubaaqudgha.
  5357 | D:5      | Reached skill level 1 in Armour
  5711 | D:5      | Got a wizard robe
  5722 | D:5      | Identified the +0 robe "Norchala" {Str+6} (You found it on level 5 of the Dungeon)
  5740 | D:5      | Found a shadowy altar of Dithmenos.
  5888 | D:5      | Reached XP level 9. HP: 64/64 MP: 15/17
  6230 | D:5      | Found an iron altar of Okawaru.
  6230 | D:5      | Found a faded altar of an unknown god.
  6235 | D:5      | Found a glowing golden altar of the Shining One.
  6237 | D:5      | Found a faded altar of an unknown god.
  6239 | D:5      | Found a shattered altar of Ashenzari.
  6340 | D:6      | Found a deep blue altar of Sif Muna.
  6629 | D:6      | Found a glowing silver altar of Zin.
  6629 | D:6      | Found a sacrificial altar of Ru.
  6629 | D:6      | Found a burning altar of Makhleb.
  6630 | D:6      | Found a stormy altar of Qazlal.
  6630 | D:6      | Found a shimmering altar of Xom.
  6630 | D:6      | Found a basalt altar of Yredelemnul.
  6634 | D:6      | Found a shadowy altar of Dithmenos.
  6635 | D:6      | Found a bloodstained altar of Trog.
  6635 | D:6      | Found a glowing silver altar of Zin.
  6635 | D:6      | Found a bloodstained altar of Trog.
  6635 | D:6      | Found a shattered altar of Ashenzari.
  6635 | D:6      | Found a hazy altar of Hepliaklqana.
  6635 | D:6      | Found a basalt altar of Yredelemnul.
  6635 | D:6      | Found a radiant altar of Vehumet.
  6635 | D:6      | Found a hazy altar of Hepliaklqana.
  6635 | D:6      | Found a shadowy altar of Dithmenos.
  6649 | D:6      | Found a staircase to the Ecumenical Temple.
  6656 | D:6      | Became a worshipper of Vehumet
  6757 | D:6      | Identified the +5 spear "Eviscerator" {drain, Int+4} (You found it on level 6 of the Dungeon)
  7319 | D:7      | Reached skill level 1 in Polearms
  7364 | D:7      | Reached skill level 1 in Shields
  7410 | D:7      | Noticed Joseph
  7458 | D:7      | Killed Joseph
  7565 | D:7      | Reached * piety under Vehumet
  7565 | D:7      | Offered knowledge of Sandblast by Vehumet.
  7984 | D:7      | Reached XP level 10. HP: 44/70 MP: 10/19
  8023 | D:7      | Found a burning altar of Makhleb.
  8202 | D:7      | Found a sacrificial altar of Ru.
  8297 | D:7      | Found Woosomp's Antique Weapon Shop.
  8787 | D:8      | Found a staircase to the Lair.
  8838 | D:8      | Reached ** piety under Vehumet
  9069 | D:8      | Offered knowledge of Flame Tongue by Vehumet.
  9355 | D:8      | Got a brightly glowing mace
  9356 | D:8      | Identified the cursed +3 mace of the Fool {flame, rPois SInv} (You found it on level 8 of the Dungeon)
  9521 | D:8      | Offered knowledge of Conjure Flame by Vehumet.
  9776 | D:8      | Identified the +7 rapier of the Aged Places {pierce, +Rage Str+3} (You found it on level 8 of the Dungeon)
  9932 | Lair:1   | Entered Level 1 of the Lair of Beasts
 10136 | Lair:1   | Noticed a spiny frog
 10146 | Lair:1   | Killed a spiny frog
 10146 | Lair:1   | Reached skill level 1 in Short Blades
 10154 | Lair:1   | Noticed a spiny frog
 10176 | Lair:1   | HP: 2/70 [poisoned by a spiny frog]
 10178 | Lair:1   | Succumbed to a spiny frog's poison

Skill      XL: |  1  2  3  4  5  6  7  8  9 10 |
---------------+-------------------------------+-----
Stealth        | 2 3 |  3.8
Dodging        | 2 3 |  3.6
Maces & Flails | 1 2 3 |  3.0
Fighting       | 1 2 3 |  3.4
Poison Magic   | 5 6 7 |  7.3
Spellcasting   | 3 4 5 6 7 |  7.2
Conjurations   | 1 2 3 4 |  4.4
Air Magic      | 1 2 3 4 |  4.0
Armour         | 1 4 |  4.1
Polearms       | 3 4 |  4.3
Shields        | 2 4 |  4.4
Short Blades   | 1 |  1.0

Action                   |  1- 3 |  4- 6 |  7- 9 | 10-12 || total
-------------------------+-------+-------+-------+-------++-------
Melee: Mace              |    49 |   109 |   188 |    70 ||   416
       Whip              |       |       |   105 |       ||   105
       Spear             |       |       |   174 |   148 ||   322
 Cast: Sting             |    56 |    54 |   153 |    48 ||   311
       Mephitic Cloud    |       |     8 |    55 |    16 ||    79
       Olgreb's Toxic Ra |       |       |       |     4 ||     4
Evoke: Wand              |       |       |     3 |       ||     3
  Use: Potion            |     2 |     1 |     6 |     6 ||    15
       Scroll            |     3 |     2 |    12 |     4 ||    21
 Stab: Confused          |       |     6 |     9 |     2 ||    17
       Sleeping          |       |       |     5 |     4 ||     9
  Eat: Chunk             |     2 |     4 |    16 |     9 ||    31
       Bread ration      |       |       |     1 |       ||     1
       Pizza             |       |       |     1 |       ||     1
Armor: Robe              |     9 |       |    63 |    42 ||   114
       Leather armour    |     1 |    58 |   103 |       ||   162
Dodge: Dodged            |    47 |   140 |   275 |   105 ||   567
Block: Buckler           |       |       |    55 |    67 ||   122
